 Dungeon Crawl Stone Soup version 0.19.5 (webtiles) character file.

119 JeffiDaFish the Skirmisher (level 5, -3/33 HPs)
             Began as a Gargoyle Fighter on Mar 7, 2017.
             Slain by an ogre
             ... wielding a +0 giant club
              (18 damage)
             ... on level 4 of the Dungeon.
             The game lasted 00:10:47 (2097 turns).

JeffiDaFish the Skirmisher (Gargoyle Fighter)       Turns: 2097, Time: 00:10:47

Health: -3/33      AC: 10    Str: 19      XL:     5   Next: 3%
Magic:  5/5        EV:  5    Int:  9      God:
Gold:   74         SH:  9    Dex:  9 (10) Spells: 0 memorised, 4 levels left

rFire  + . .     SeeInvis .     a - +2 flail
rCold  . . .     Gourm    .     h - +0 chain mail
rNeg   + . .     Faith    .     c - +0 shield
rPois  ∞         Spirit   .     (no helmet)
rElec  +         Reflect  .     e - +0 cloak
rCorr  .         Harm     .     (no gloves)
MR     .....     Clarity  +     (no boots)
Stlth  .......... Rnd*Tele +    (no amulet)
                                (no ring)
                                k - ring of protection from fire

@: no status effects
A: clarity, deformed body, negative energy resistance 1, electricity resistance,
teleportitis 1, unbreathing, petrification resistance, rot immunity, AC +4
a: no special abilities


You were on level 4 of the Dungeon.
You were not hungry.

You visited 1 branch of the dungeon, and saw 4 of its levels.

You collected 74 gold pieces.

Inventory:

Hand Weapons
 a - a +2 flail (weapon)
Armour
 c - a +0 shield (worn)
 e - a +0 cloak (worn)
 h - a +0 chain mail (worn)
Jewellery
 k - a ring of protection from fire (left hand)
Scrolls
 b - a scroll of remove curse
 i - 2 scrolls of identify
 l - a scroll of teleportation
Potions
 d - a potion of might
Comestibles
 f - 4 bread rations
 g - a meat ration
 j - 2 beef jerkies
 m - 3 chunks of flesh


   Skills:
 + Level 4.1 Fighting
 + Level 3.1 Maces & Flails
 + Level 4.0 Armour
 + Level 0.4 Dodging
 + Level 0.5 Stealth
 + Level 4.0 Shields


You had 4 spell levels left.
You didn't know any spells.

Dungeon Overview and Level Annotations

Branches:
Dungeon (4/15)
 Temple: D:4-7

Altars:
Ru
Trog


Innate Abilities, Weirdness & Mutations

You are resistant to torment.
Your stone body is resilient. (AC +4)
You are immune to poison.
You resist negative energy. (rN+)
You are resistant to electric shocks. (rElec)
You can survive without breathing.
You are immune to petrification.
You are immune to rotting.
You possess an exceptional clarity of mind.
Armour fits poorly on your strangely shaped body.
You are occasionally teleported next to monsters.


Message History

The ogre shouts!
Found a beef jerky.
There is an open door here.
You sock the ogre!
The ogre is moderately wounded.
You block the ogre's attack.
You hit the ogre.
The ogre is heavily wounded.
The ogre hits you with a giant club.
You hit the ogre but do no damage.
The ogre is heavily wounded.
The ogre hits you with a giant club!
Your shield and chain mail prevent you from hitting the ogre.
The ogre is heavily wounded.
The ogre closely misses you.
You hit the ogre.
The ogre is heavily wounded.
The ogre hits you with a giant club!!
Ouch! That really hurt!
You die...

#..##.#####.<....#
#..##.#..).......#
#.....#..........#
#.....#....#+#####
#'#####.>..#
#.....#....#
#.....#....#
#.>...#....#
#.....'@O..#
#.....#....#
#.....#....#
#.....#....#
#.....#....#
#.....#...%..
#.....#.......
#....<#.......


You could see an ogre.

Vanquished Creatures
  A gnoll (D:1)
  4 adders
  2 worms
  2 dart slugs
  2 leopard geckos
  2 orcs (D:3)
  5 bats
  2 giant cockroaches
  7 goblins
  3 hobgoblins
  5 jackals (D:3)
  8 kobolds
  A quokka (D:2)
  6 frilled lizards
  9 rats
59 creatures vanquished.

Notes
Turn   | Place    | Note
-------+----------+-------------------------------------------
     0 | D:1      | JeffiDaFish the Gargoyle Fighter began the quest for the Orb.
     0 | D:1      | Reached XP level 1. HP: 14/14 MP: 1/1
   132 | D:1      | Reached XP level 2. HP: 15/19 MP: 2/2
   357 | D:1      | Reached XP level 3. HP: 24/24 MP: 3/3
   819 | D:2      | Gained mutation: You possess an exceptional clarity of mind. [potion of mutation]
   819 | D:2      | Gained mutation: Armour fits poorly on your strangely shaped body. [potion of mutation]
   819 | D:2      | Gained mutation: You are occasionally teleported next to monsters. [potion of mutation]
   883 | D:2      | Found a sacrificial altar of Ru.
  1065 | D:2      | Reached XP level 4. HP: 21/29 MP: 4/4
  1259 | D:2      | Found a bloodstained altar of Trog.
  1898 | D:3      | Reached XP level 5. HP: 33/33 MP: 5/5
  2090 | D:4      | Noticed an ogre
  2097 | D:4      | Slain by an ogre

Skill      XL: |  1  2  3  4  5 |
---------------+----------------+-----
Maces & Flails | 3 |  3.1
Shields        | 4 |  4.0
Fighting       | 4 |  4.1
Armour         | 4 |  4.0
Dodging        | |  0.4
Stealth        | |  0.5

Action                   |  1- 3 |  4- 6 || total
-------------------------+-------+-------++-------
Melee: Flail             |   143 |   121 ||   264
  Use: Scroll            |     7 |     2 ||     9
       Potion            |     5 |     2 ||     7
  Eat: Chunk             |     1 |     4 ||     5
Armor: Scale mail        |    23 |       ||    23
       Chain mail        |   100 |    58 ||   158
Dodge: Dodged            |    38 |    32 ||    70
Block: Shield            |    81 |    70 ||   151
